 Dungeon Crawl Stone Soup version 0.19.0-11-g3fc08b3 (webtiles) character file.

198 KarmaPolice the Bolt Thrower (level 6, -2/41 HPs)
             Began as a Halfling Hunter on Nov 9, 2016.
             Killed from afar by an orc wizard (3 damage)
             ... with a magic dart
             ... on level 3 of the Dungeon.
             The game lasted 00:06:57 (2662 turns).

KarmaPolice the Bolt Thrower (Halfling Hunter)      Turns: 2662, Time: 00:06:58

Health: -2/41      AC:  4    Str: 13    XL:     6   Next: 5%
Magic:  6/6        EV: 12    Int:  9    God:
Gold:   159        SH:  0    Dex: 17    Spells: 0 memorised, 5 levels left

rFire  . . .     SeeInvis .     x - +2 whip (freeze)
rCold  . . .     Gourm    .     c - +0 leather armour
rNeg   . . .     Faith    .     (shield restricted)
rPois  .         Spirit   .     (no helmet)
rElec  .         Reflect  .     (no cloak)
rCorr  .         Harm     .     q - +0 pair of gloves
MR     .....                    (no boots)
Stlth  +.........               (no amulet)
                                (no ring)
                                (no ring)

@: very heavily drained
A: mutation resistance 1
a: no special abilities


You were on level 3 of the Dungeon.
You were hungry.

You visited 1 branch of the dungeon, and saw 3 of its levels.

You collected 159 gold pieces.

Inventory:

Hand Weapons
 a - a +1 hand crossbow
 b - a +0 short sword
 x - a +2 whip of freezing (weapon)
Missiles
 d - 66 bolts
Armour
 c - a +0 leather armour (worn)
 q - a +0 pair of gloves (worn)
 t - a +1 leather armour of magic resistance
Jewellery
 r - a cursed ring of teleportation {unknown}
 s - an uncursed ring of protection from magic {unknown}
Scrolls
 g - 2 scrolls of fog {unknown}
 h - a scroll of enchant weapon {unknown}
 i - 2 scrolls of identify {unknown}
 n - 2 scrolls of amnesia {unknown}
 u - a scroll of teleportation {unknown}
 v - a scroll of immolation {unknown}
 w - 2 scrolls of remove curse {unknown}
Potions
 e - a potion of agility
 j - a potion of curing {unknown}
 m - 2 potions of magic {unknown}
 o - 2 potions of lignification {unknown}
 p - a potion of might {unknown}
Comestibles
 f - 2 bread rations
 k - 6 fruits
 l - 12 chunks of flesh


   Skills:
 + Level 2.9(0.0) Fighting
 + Level 3.3(0.0) Short Blades
 * Level 6.0(2.1) Crossbows
 - Level 2.2(0.0) Dodging
 - Level 1.1(0.0) Stealth


You had 5 spell levels left.
You didn't know any spells.

Dungeon Overview and Level Annotations

Branches:
Dungeon (3/15)

Altars:
Qazlal
Sif Muna


Innate Abilities, Weirdness & Mutations

You are small and have problems with some larger weapons.
You are somewhat resistant to further mutation.


Message History

You bump into the rock wall.
Something hits you but does no damage.
You feel drained. The orc closely misses you.
You're too confused to move!
Something hits you.
* * * LOW HITPOINT WARNING * * *
You feel drained.
* * * LOW HITPOINT WARNING * * *
The orc hits you but does no damage.
You bump into the rock wall.
Something hits you.
* * * LOW HITPOINT WARNING * * *
You feel drained.
* * * LOW HITPOINT WARNING * * *
You bump into the rock wall.
You feel less confused. The orc barely misses you.
Something hits you but does no damage.
You feel drained.
You hit something. You freeze something. The orc hits you but does no damage.
You hear some strange, mumbled words.
A magic dart appears from out of thin air!
The magic dart hits you!
You die...

# ##.##.##
#.######.##.## ####
#.............
.......#..#.......
#.## #..#...####
#.###.######..##......
#....o........##>#####
#.###o######.###.# #
#@# #.# #.# #{# #.#
#.# #o# #.# #.#####
#l# #.# #.#.... #.#
#.# #.#<### #.# #.#
#.#.# #.# #.### ...
.###.#.##. #..........


You could see 3 orcs and a leopard gecko.

Vanquished Creatures
  4 gnolls
  7 adders
  3 oozes
  4 worms
  3 dart slugs
  A leopard gecko (D:1)
  2 bats
  6 giant cockroaches
  13 goblins
  8 hobgoblins
  2 jackals (D:1)
  A quokka (D:2)
  A frilled lizard (D:3)
  7 kobolds
  5 rats
67 creatures vanquished.

Notes
Turn   | Place    | Note
-------+----------+-------------------------------------------
     0 | D:1      | KarmaPolice the Halfling Hunter began the quest for the Orb.
     0 | D:1      | Reached XP level 1. HP: 14/14 MP: 1/1
   231 | D:1      | Reached skill level 1 in Short Blades
   231 | D:1      | Reached XP level 2. HP: 7/19 MP: 2/2
   744 | D:1      | Reached XP level 3. HP: 20/24 MP: 3/3
  1329 | D:2      | Reached skill level 5 in Crossbows
  1329 | D:2      | Reached XP level 4. HP: 29/29 MP: 4/4
  1457 | D:2      | Found a stormy altar of Qazlal.
  1649 | D:2      | Found a deep blue altar of Sif Muna.
  2065 | D:2      | Reached XP level 5. HP: 32/35 MP: 5/5
  2582 | D:3      | Reached skill level 6 in Crossbows
  2630 | D:3      | Reached XP level 6. HP: 39/41 MP: 6/6
  2660 | D:3      | HP: 2/41 [something (2)]
  2662 | D:3      | Killed from afar by an orc wizard

Skill      XL: |  1  2  3  4  5 |
---------------+----------------+-----
Fighting       | 2 |  2.9
Short Blades   | 1 2 3 |  3.3
Crossbows      | 5 6 |  6.0
Dodging        | |  2.2
Stealth        | |  1.1

Action                   |  1- 3 |  4- 6 || total
-------------------------+-------+-------++-------
Melee: Short sword       |    52 |    68 ||   120
       Whip              |       |    30 ||    30
 Fire: Hand crossbow     |    23 |    68 ||    91
  Use: Potion            |     2 |       ||     2
  Eat: Chunk             |     1 |     4 ||     5
Armor: Leather armour    |    18 |    28 ||    46
Dodge: Dodged            |    62 |    68 ||   130
